 Dungeon Crawl Stone Soup version 0.30.0-29-ga12c61a403 (webtiles) character file.

Game seed: 7621645403125117133

244 qw the Chopper (level 6, 0/38 HPs)
             Began as a Gargoyle Fighter on June 4, 2023.
             Frozen to death by an endoplasm (3 damage)
             ... in a sewer.
             The game lasted 00:01:23 (2286 turns).

qw the Chopper (Gargoyle Fighter)                   Turns: 2286, Time: 00:01:23

Health: 0/38       AC: 11    Str: 21    XL:     6   Next: 10%
Magic:  6/6        EV:  9    Int:  9    God:
Gold:   77         SH:  4    Dex:  9    Spells: 5/5 levels left

rFire   . . .        Y - +1 war axe
rCold   . . .        c - +0 buckler
rNeg    + + .        b - +0 scale mail
rPois   inf          (no helmet)
rElec   +            (no cloak)
rCorr   .            (no gloves)
SInv    .            (no boots)
Will    .....        (no amulet) Stlth
                     k - ring of positive energy
HPRegen 0.26/turn    (no ring)
MPRegen 0.10/turn

%: no passive effects
@: very slow
A: sickness immunity, AC +4, negative energy resistance 1, electricity
resistance, torment resistance 1, petrification resistance
a: no special abilities


You were in a sewer.
You visited 1 branch of the dungeon, and saw 3 of its levels.
You also visited: Sewer.

You collected 104 gold pieces.
You spent 27 gold pieces at shops.


Innate Abilities, Weirdness & Mutations

You are immune to sickness and miasma.
Your stone body is resilient. (AC +4)
You are immune to poison.
You resist negative energy. (rN+)
You are resistant to electric shocks. (rElec)
You are resistant to unholy torment.
You are immune to petrification.


   Skills:
 - Level 4.1 Fighting
 - Level 5.0 Axes
 - Level 3.2 Armour
 + Level 1.0 Dodging
 - Level 3.2 Shields


You had 5 spell levels left.
You didn't know any spells.
Your spell library was empty.

Inventory:

Hand Weapons
 a - a +0 mace
 Y - a +1 war axe (weapon)
Armour
 b - a +0 scale mail (worn)
 c - a +0 buckler (worn)
Jewellery
 k - a ring of positive energy (left hand)
Scrolls
 g - a scroll of identify
 i - 3 scrolls of fog {unknown}
 l - a scroll of immolation {unknown}
 m - a scroll of vulnerability {unknown}
Potions
 d - 2 potions of might
 e - a potion of attraction {unknown}
 f - a potion of cancellation
 h - 2 potions of curing {unknown}
 j - a potion of lignification {unknown}

Dungeon Overview and Level Annotations

Branches:
Dungeon (3/15)              Sewer (1/1)

Altars:

Shops:
D:2 *


Message History

The ball python loses its grip on you. The ball python bites you.
You block the ball python's attack.
Your unstable footing causes you to fumble your attack.
The bullfrog hits you. x2; The ball python barely misses you. x2
The ball python bites you but does no damage.
The ball python grabs you. The ball python constricts you.
You block the ball python's attack.
The bullfrog hits you but does no damage. x2
The ball python bites you but does no damage.
The ball python bites you.
The ball python bites you but does no damage.
The ball python constricts you.
You hit the ball python but do no damage. x2
You slash the bullfrog! You hit the ball python.
You kill the ball python!
You slash the ball python!
You kill the ball python!
You closely miss the bullfrog. You slash the ball python!
You kill the ball python!
The bullfrog barely misses you. The bullfrog hits you.
The ball python bites you but does no damage.
The bullfrog hits you but does no damage.
The ball python bites you but does no damage.
The ball python constricts you.
The bullfrog hits you but does no damage.
You block the ball python's attack.
You slash the ball python!
You kill the ball python!
You hit the bullfrog. You barely miss the bullfrog. You slash the ball python!
You kill the ball python!
The bullfrog hits you but does no damage.
The bullfrog barely misses you.
The bullfrog hits you but does no damage.
The bullfrog barely misses you.
Your Dodging skill increases to level 1!
Your unstable footing causes you to fumble your attack.
The bullfrog closely misses you. The bullfrog hits you.
The endoplasm freezes you.
You are frozen.
You die...

..##### ...'..# ..%#..#
...####
....####################
.....#~~~~~~~~~~~~~~~...
#.....~~~~~~~~~~~~~~~~..
#....~~~~~~~~~~~%F~~~~..
#.....~~~~~~~~~~@J~~~~..
##....~~~~~~~..F~~~~~~..
###..~~~~~~~~~~~~~~~...
#####################


You could see 2 bullfrogs and an endoplasm.

Vanquished Creatures
  Jessica (D:2)
  4 gnolls
  5 adders
  5 river rats (Sewer)
  A worm (D:3)
  A dart slug (D:1)
  9 endoplasms
  A giant cockroach (D:3)
  7 hobgoblins
  2 jackals (D:2)
  6 kobolds
  6 quokkas
  15 ball pythons
  4 bats
  3 frilled lizards
  2 goblins (D:2)
  21 rats
93 creatures vanquished.

Notes
Turn   | Place    | Note
-------+----------+-------------------------------------------
     0 | D:1      | qw the Gargoyle Fighter began the quest for the Orb.
     0 | D:1      | Reached XP level 1. HP: 14/14 MP: 1/1
     0 | D:1      | 0 ||| qw: Version: 0.2-a-107-g4668610
     0 | D:1      | 0 ||| qw: Game counter: 1199
     0 | D:1      | 0 ||| qw: Always use a shield: true
     0 | D:1      | 0 ||| qw: God list: Okawaru
     0 | D:1      | 0 ||| qw: Allow faded altars: false
     0 | D:1      | 0 ||| qw: Do Orc after D:15 true
     0 | D:1      | 0 ||| qw: Do second Lair branch before Depths: true
     0 | D:1      | 0 ||| qw: Lair rune preference: random
     0 | D:1      | 0 ||| qw: Plans: Normal, Zot:1-4, Slime:5, God:TSO, Crypt,
                  | Tomb, Abyss, Pan, Hells, Win
     0 | D:1      | 0 ||| PLANNING D:1-11
    37 | D:1      | Reached skill level 2 in Axes
   138 | D:1      | Reached XP level 2. HP: 14/19 MP: 2/2
   290 | D:1      | Reached skill level 3 in Axes
   322 | D:1      | HP: 4/19 [frozen (4)]
   393 | D:1      | Reached XP level 3. HP: 23/23 MP: 3/3
   397 | D:1      | 397 ||| Stepping ~*~*~tactically~*~*~ (stealth).
   743 | D:1      | 743 ||| UPGRADING to ring of positive energy.
   744 | D:1      | 744 ||| READING scroll labelled HEIHAU JEPT.
   745 | D:1      | 745 ||| READING 3 scrolls labelled ANODIWKIADU.
   746 | D:1      | 746 ||| READING scroll labelled QUIMOO EVVAEBU.
   747 | D:1      | 747 ||| READING scroll labelled QIGAOR QURCHAJ.
   748 | D:1      | 748 ||| READING scroll labelled CEUSEAF KESTO.
   749 | D:1      | 749 ||| READING scroll labelled ZISTIDUOTTO.
   754 | D:1      | 754 ||| READING 2 scrolls of identify.
   754 | D:1      | 754 ||| IDENTIFYING dark potion
   829 | D:2      | 829 ||| DROPPING +0 club.
   900 | D:2      | Found Juacs's Assorted Antiques.
   915 | D:2      | 915 ||| SHOPLISTING 3 scrolls of enchant armour (675 gold,
                  | have 44).
   915 | D:2      | 915 ||| SHOPLISTING glowing flail (195 gold, have 44).
   915 | D:2      | 915 ||| BUYING golden potion (27 gold).
   915 | D:2      | Bought a golden potion for 27 gold pieces
   915 | D:2      | 915 ||| SHOPLISTING scroll of identify (60 gold, have 17).
   915 | D:2      | 915 ||| SHOPLISTING scroll of teleportation (90 gold, have
                  | 17).
   972 | D:2      | Reached XP level 4. HP: 28/28 MP: 4/4
   983 | D:2      | Noticed Jessica
   996 | D:2      | Killed Jessica
   997 | D:2      | Reached skill level 4 in Axes
  1373 | D:2      | Identified the +7 short sword "Munuv" {freeze, Will++
                  | rCorr}
  1382 | D:2      | Reached XP level 5. HP: 32/32 MP: 5/5
  1424 | D:2      | 1424 ||| Stepping ~*~*~tactically~*~*~ (hiding).
  1870 | D:2      | 1870 ||| READING scroll labelled KUOFFO ZETONA.
  1871 | D:2      | 1871 ||| DRINKING 2 golden potions.
  1872 | D:2      | 1872 ||| DROPPING potion of brilliance.
  1884 | D:3      | 1884 ||| PLANNING SEWER
  1901 | D:3      | Found a glowing drain.
  1921 | D:3      | 1921 ||| Stepping ~*~*~tactically~*~*~ (water).
  1927 | Sewer    | Entered a sewer
  1956 | Sewer    | 1956 ||| Stepping ~*~*~tactically~*~*~ (water).
  2007 | Sewer    | Reached skill level 5 in Axes
  2197 | Sewer    | Reached XP level 6. HP: 35/38 MP: 6/6
  2283 | Sewer    | HP: 9/38 [bullfrog (1)]
  2286 | Sewer    | Reached skill level 1 in Dodging
  2286 | Sewer    | HP: 3/38 [bullfrog (4)]
  2286 | Sewer    | Frozen to death by an endoplasm

Levels and vault maps discovered:
D:1:      lightli_arrival_windingriver, layout_rooms
D:2:      layout_basic, serial_shops,
          nicolae_shop_temple_entry_statues_fountains, uniq_jessica
D:3:      layout_rooms, nicolae_wu_jian_wuxing_cycle,
          mainiacjoe_overflow_catwalk, lemuel_doored_altar,
          nicolae_dithmenos_the_darkroom, cheibrodos_sewer_entry_drain,
          hangedman_decor_opposing, kennysheep_crisscross
Sewer:    sewer_minmay_w

Skill      XL: |  1  2  3  4  5  6 |
---------------+-------------------+-----
Axes           | 2 3 4 5 |  5.0
Fighting       | 4 |  4.1
Dodging        | 1 |  1.0
Armour         | |  3.2
Shields        | |  3.2

Action                     |  1- 3 |  4- 6 || total
---------------------------+-------+-------++-------
  Melee: War axe           |    87 |   148 ||   235
    Use: Scroll            |     7 |     1 ||     8
         Potion            |       |     1 ||     1
 Armour: Scale mail        |    44 |   117 ||   161
  Dodge: Dodged            |    33 |    96 ||   129
  Block: Buckler           |    21 |    44 ||    65

Table legend:
 A = Non-vault XP
 B = Vault XP
 C = Vault XP percentage of total XP
 D = Non-vault monster count
 E = Vault monster count
 F = Vault count percentage of total count
                 A         B        C        D         E       F
            +---------+---------+-------+---------+---------+-------
      Total |     150 |     199 |  57.0 |      49 |      44 |  47.3
            +---------+---------+-------+---------+---------+-------
        D:1 |      61 |       0 |   0.0 |      26 |       0 |   0.0
        D:2 |      84 |      37 |  30.6 |      22 |       1 |   4.3
        D:3 |       5 |       4 |  44.4 |       1 |       3 |  75.0
      Sewer |       0 |     158 | 100.0 |       0 |      40 | 100.0
            +---------+---------+-------+---------+---------+-------
